 Dungeon Crawl Stone Soup version 0.18.1-8-gdd0e5ea (webtiles) character file.

184 oplop the Sneak (level 5, -4/28 HPs)
             Began as a Vine Stalker Assassin on May 24, 2016.
             Slain by an ice beast (9 damage)
             ... on level 3 of the Dungeon.
             The game lasted 00:03:41 (2229 turns).

oplop the Sneak (Vine Stalker Assassin)             Turns: 2229, Time: 00:03:42

Health: -4/28      AC:  5    Str: 13    XL:     5   Next: 64%
Magic:  0/6        EV: 13    Int: 11    God:
Gold:   97         SH:  0    Dex: 17    Spells: 0 memorised, 4 levels left

rFire  . . .     SeeInvis .     a - +2 dagger
rCold  . . .     Gourm    .     c - +0 robe
rNeg   . . .     Faith    .     (no shield)
rPois  .         Spirit   +     v - +1 hat
rElec  .         Dismiss  .     d - +0 cloak
rCorr  .         Reflect  .     o - +0 pair of gloves (curse)
SustAt .         Harm     .     (no boots)
MR     .....                    (no amulet)
Stlth  +++.......               (no ring)
                                (no ring)

@: not resistant to hostile enchantments, fairly stealthy
A: fangs 2, regeneration 1, magic shield, antimagic bite, no device heal 3, rot
immunity
a: no special abilities


You were on level 3 of the Dungeon.
You were not hungry.

You visited 1 branch of the dungeon, and saw 3 of its levels.

You collected 97 gold pieces.

Inventory:

Hand Weapons
 a - a +2 dagger (weapon)
 b - a +0 blowgun
Missiles
 e - 5 poisoned needles
 f - 2 curare-tipped needles
Armour
 c - a +0 robe (worn)
 d - a +0 cloak (worn)
 o - a cursed +0 pair of gloves (worn)
 v - a +1 hat (worn)
Jewellery
 r - an uncursed ring of protection from fire {unknown}
Scrolls
 h - a scroll of fog {unknown}
 j - a scroll of enchant armour {unknown}
 l - 2 scrolls of identify {unknown}
 s - a scroll of remove curse {unknown}
 w - a scroll of immolation {unknown}
Potions
 i - a potion of curing {unknown}
 m - a potion of might {unknown}
 n - 2 potions of lignification {unknown}
 p - a potion of cure mutation {unknown}
 q - a potion of mutation {unknown}
Comestibles
 g - 2 bread rations
 k - 2 meat rations
 t - a chunk of flesh
 u - 3 fruits


   Skills:
 + Level 2.8 Fighting
 + Level 2.8 Short Blades
 + Level 2.5 Throwing
 + Level 2.2 Dodging
 + Level 5.6 Stealth


You had 4 spell levels left.
You didn't know any spells.

Dungeon Overview and Level Annotations

Branches:
Dungeon (3/15)

Altars:
Fedhas
Gozag

Annotations:
D:3 Denapoli's ghost, amateur DrTm; Natasha


Innate Abilities, Weirdness & Mutations

You have extremely sharp teeth.
Your natural rate of healing is unusually fast.
When hurt, damage is shared between your health and your magic reserves.
Your bite disrupts and absorbs the magic of your enemies.
Potions and wands cannot restore your health.
You are immune to rotting.


Message History

You feel sick.
You feel sick.
You feel sick.
You feel sick.
You feel sick.
You are no longer poisoned.
You hit the ice beast but do no damage. Your bite misses the ice beast.
The ice beast barely misses you.
You hit the ice beast but do no damage. The ice beast barely misses you.
You barely miss the ice beast. You closely miss the ice beast.
Your bite misses the ice beast.
The ice beast hits you but does no damage.
You hit the ice beast.
The ice beast is lightly wounded.
The ice beast hits you. The ice beast freezes you!
* * * LOW HITPOINT WARNING * * *
The ice beast hits you.
* * * LOW HITPOINT WARNING * * *
The ice beast freezes you!
You die...

#### #..# #..# ### #..#### ..
#.....# ##.# ###.#^# #..#
#...## #..#
###..###########..#
######..@...##.......#
#........Y#....####..#
#..............## #..#
####.....#####.##..###..####
#........#####.###..##......
##..>................†...####
.............###..#......#
#.......##.............#
#.##..########.#...[...#


You could see an ice beast.

Vanquished Creatures
  Natasha (D:3)
  7 gnolls (D:2)
  4 adders
  An ooze (D:3)
  2 worms
  A dart slug (D:2)
  A giant gecko (D:1)
  An orc (D:3)
  2 ball pythons
  3 giant cockroaches
  3 goblins
  4 hobgoblins
  2 jackals (D:2)
  2 quokkas
  7 bats
  3 giant newts (D:1)
  2 kobolds
  5 rats
51 creatures vanquished.

Notes
Turn   | Place    | Note
--------------------------------------------------------------
     0 | D:1      | oplop the Vine Stalker Assassin began the quest for the Orb.
     0 | D:1      | Reached XP level 1. HP: 11/11 MP: 2/2
    61 | D:1      | Reached skill level 1 in Dodging
   320 | D:1      | Reached XP level 2. HP: 15/15 MP: 3/3
  1128 | D:2      | Found a blossoming altar of Fedhas.
  1129 | D:2      | Reached skill level 5 in Stealth
  1129 | D:2      | Reached XP level 3. HP: 18/18 MP: 4/4
  1510 | D:2      | Reached XP level 4. HP: 20/23 MP: 5/5
  1718 | D:2      | Reached XP level 5. HP: 27/27 MP: 6/6
  1887 | D:3      | oplop: устал?
  1899 | D:3      | Noticed Natasha
  1914 | D:3      | Killed Natasha
  1942 | D:3      | Noticed Denapoli's ghost (amateur DrTm)
  1994 | D:3      | Found a faded altar to an unknown god.
  2150 | D:3      | Found an opulent altar of Gozag.
  2159 | D:3      | Noticed an ice beast
  2161 | D:3      | Noticed Natasha
  2229 | D:3      | Slain by an ice beast

Skill      XL: |  1  2  3  4 |
---------------+-------------+-----
Dodging        | 1 2 |  2.2
Short Blades   | 2 |  2.8
Throwing       | 2 |  2.5
Fighting       | 2 |  2.8
Stealth        | 5 |  5.6

Action                   |  1- 3 |  4- 6 || total
-------------------------+-------+-------++-------
Melee: Dagger            |    74 |    59 ||   133
       Bite              |    13 |    17 ||    30
 Fire: Blowgun           |       |    21 ||    21
 Stab: Sleeping          |     8 |     7 ||    15
  Eat: Chunk             |     2 |     2 ||     4
Armor: Robe              |    15 |    12 ||    27
Dodge: Dodged            |    38 |    48 ||    86
